Map: Site Delta LE

Players

Lambo

  • Race: Terran Terran
  • League: Grandmaster
  • Spawn Location: 5:00

BattleB - Winner!

  • Race: Terran Terran
  • League: Grandmaster
  • Spawn Location: 11:00

VOD

Have the link to the VOD?

Description

Time

  • Played on: Aug. 4, 2024, 12:39 p.m.
  • Length: 7:32
Show
View Real Time Build Order
Export as new Build Order

Lambo Terran 

Build Orders:  

Get SALT Encoding   

  12  0:00  SCV  
  13  0:12  SCV  
  14  0:17  Supply Depot  
  14  0:24  SCV  
  15  0:38  SCV  
  15  0:41  Barracks  
  16  0:44  Refinery  
  16  0:51  SCV  
  16  0:54  Refinery  
  17  1:03  SCV  
  18  1:15  SCV  
  19  1:27  Orbital Command, Reaper  
  19  1:30  Supply Depot  
  20  1:44  Factory  
  20  1:53  SCV  
  21  1:59  Reaper  
  22  2:05  SCV  
  23  2:16  Command Center  
  23  2:18  SCV  
  24  2:29  Hellion  
  26  2:30  SCV  
  26  2:31  Supply Depot  
  26  2:34  Barracks Reactor  
  27  2:42  SCV  
  28  2:44  Starport  
  28  2:52  Factory Tech Lab  
  28  2:54  SCV  
  29  3:06  SCV  
  29  3:12  Marine x2  
  32  3:13  Cyclone  
  32  3:15  Refinery  
  32  3:18  SCV  
  35  3:21  Starport Tech Lab  
  35  3:28  Orbital Command  
  35  3:30  SCV, Marine x2  
  38  3:39  Raven  
  40  3:42  SCV  
  41  3:49  Marine x2  
  41  3:50  Siege Tank  
  41  3:54  SCV x2  
  48  3:58  Supply Depot  
  48  4:06  SCV, Interference Matrix  
  48  4:07  SCV  
  50  4:18  SCV, Raven  
  50  4:19  SCV  
  54  4:27  Command Center  
  54  4:30  SCV  
  54  4:31  SCV  
  56  4:35  Marine  
  56  4:36  Stimpack  
  57  4:39  Factory Reactor  
  57  4:41  Supply Depot  
  57  4:42  SCV  
  58  4:47  Barracks  
  58  4:49  Barracks  
  58  4:51  SCV  
  59  4:54  SCV  
  59  4:56  Raven  
  62  5:03  SCV, Marine  
  62  5:06  SCV  
  65  5:15  SCV  
  65  5:16  Engineering Bay x2  
  65  5:19  SCV  
  65  5:20  Marine  
  68  5:22  Refinery  
  68  5:23  Supply Depot  
  68  5:27  SCV  
  69  5:31  SCV  
  70  5:39  SCV, Marine x3, Starport Reactor  
  70  5:43  SCV  
  70  5:45  Siege Tank  
  70  5:46  Orbital Command  
  74  5:50  Marine  
  74  5:51  SCV  
  74  5:55  SCV  
  77  6:01  Marine x4  
  77  6:02  Supply Depot  
  77  6:03  SCV  
  82  6:07  Marine  
  82  6:12  SCV x2  
  82  6:17  SCV  
  85  6:19  Marine x4  
  85  6:20  Medivac x2  
  85  6:25  Marine  
  93  6:31  Barracks  
  94  6:34  Barracks  
  94  6:37  Marine x2  
  96  6:41  Marine  
  96  6:45  Marine x2  
  99  6:52  Medivac  
  99  6:53  Siege Tank  
  101  7:07  Supply Depot  
  99  7:08  Supply Depot  
  101  7:17  SCV  
Show
View Real Time Build Order
Export as new Build Order

BattleB Terran - Winner!

Build Orders: Cyclone Opening 

Get SALT Encoding   

  12  0:00  SCV  
  13  0:12  SCV  
  14  0:17  Supply Depot  
  14  0:24  SCV  
  15  0:38  SCV  
  15  0:41  Barracks  
  16  0:42  Refinery  
  16  0:50  SCV  
  16  0:52  Refinery  
  17  1:02  SCV  
  18  1:16  SCV  
  19  1:27  Reaper  
  19  1:28  Orbital Command  
  19  1:32  Supply Depot  
  20  1:41  Factory  
  20  1:54  SCV  
  21  2:00  Reaper  
  22  2:06  SCV  
  23  2:15  Command Center  
  23  2:18  SCV  
  24  2:24  Hellion  
  26  2:30  SCV  
  26  2:34  Starport  
  27  2:40  Barracks Reactor  
  27  2:42  SCV  
  28  2:45  Supply Depot  
  28  2:52  Cyclone  
  28  2:55  SCV  
  31  3:07  SCV  
  31  3:11  Medivac  
  34  3:16  Marine x2, Refinery  
  34  3:19  SCV  
  37  3:24  Cyclone  
  39  3:29  Orbital Command  
  39  3:33  SCV  
  40  3:35  Marine  
  40  3:36  Marine  
  42  3:41  Starport Tech Lab  
  42  3:45  SCV  
  42  3:48  Supply Depot  
  43  3:52  Marine  
  43  3:54  Marine  
  45  3:57  SCV  
  45  3:58  SCV  
  45  3:59  Factory Tech Lab  
  47  4:03  Raven  
  49  4:16  SCV x2  
  49  4:17  Marine x2  
  51  4:20  Supply Depot  
  51  4:21  Siege Tank  
  51  4:22  Interference Matrix  
  56  4:28  SCV x2  
  58  4:38  Raven  
  58  4:39  Marine x2  
  58  4:42  SCV x2  
  64  4:54  SCV x2  
  64  4:57  Command Center  
  64  4:58  Siege Tank  
  69  5:00  Supply Depot  
  69  5:06  SCV x2  
  73  5:15  Supply Depot  
  73  5:18  SCV x2  
  73  5:26  Stimpack, Marine  
  73  5:28  Viking x2  
  78  5:32  Refinery  
  78  5:38  Siege Tank  
  78  5:39  SCV x2  
  83  5:44  Marine  
  84  5:51  SCV  
  84  5:55  SCV  
  84  5:56  Barracks x2  
  86  6:00  Viking  
  86  6:03  SCV  
  89  6:07  SCV  
  89  6:10  Marine  
  91  6:12  Siege Tank  
  91  6:15  SCV  
  95  6:19  SCV  
  96  6:27  SCV  
  96  6:30  Engineering Bay x2  
  96  6:31  SCV  
  98  6:39  SCV  
  99  6:41  Viking  
  99  6:43  SCV, Viking  
  99  6:44  Siege Tank  
  107  6:50  Barracks Reactor  
  107  6:51  Barracks Reactor, SCV  
  107  6:53  Marine  
  109  6:54  Orbital Command  
  109  7:01  Supply Depot  
Tags
 
Add a new tag
Caveats
  • Supply blocks, unpowered buildings, or Contaminate may cause inaccurate times.
  • Supply counts are checked every 10 seconds.